AoeStats
← 陟遐自迩

Arena

504689616Analyzed
4v4 RM · 26d ago on Sep 6, 2026· 33m 9s· 8 players
Game mode
Random Map
Map size
Large (8 player)
Population
200
Speed
Normal
Resources
Standard
Victory
Conquest
Starting age
Dark Age
Ending age
Imperial Age
RankedLock teamsTeams togetherTeam positionsShared explorationLock speedFull tech treeHidden civsTurbo modeCheats
Victory
Defeat
🇺🇸 Portuguese · United States
1137
+15
🇪🇬 Teutons · Egypt
1093
+17
🇹🇷 Saracens · Türkiye
1087
+17
🇮🇳 Wei · India
1058
+20
🇯🇵 Bohemians · Japan
1136
-18
🇮🇳 Jurchens · India
1122
-17
🇩🇪 Huns · Germany
1110
-17
🇹🇼 Lithuanians · Taiwan
1103
-17
陟遐自迩
0:31 Loom
12:02 Feudal Age
13:05 Horse Collar
18:15 Castle Age
16:29 Double-Bit Axe
16:46 Stone Mining
18:47 Wheelbarrow
20:05 Bow Saw
19:58 Heavy Plow
Darby-2026
11:53 Feudal Age
16:20 Castle Age
15:20 Double-Bit Axe
15:18 Horse Collar
16:56 Wheelbarrow
18:05 Bow Saw
excboom
10:35 Feudal Age
11:34 Horse Collar
11:42 Double-Bit Axe
17:06 Castle Age
16:11 Bloodlines
16:31 Forging
17:06 Scale Barding Armor
18:09 Bow Saw
18:17 Town Watch
18:27 Light Cavalry
21:42 Wheelbarrow
TigerOfThanjai
9:55 Feudal Age
13:12 Loom
16:32 Castle Age
15:26 Double-Bit Axe
20:50 Loom
22:27 Bow Saw
23:35 Horse Collar
23:53 Gold Mining
25:57 Fletching
26:50 Heavy Plow
29:50 Imperial Age
27:57 Wheelbarrow
27:08 Town Watch
29:18 Gold Shaft Mining
28:35 Stone Mining
29:08 Forging
30:40 Bodkin Arrow
31:10 Ballistics
31:22 Bracer
32:12 Stone Shaft Mining
31:53 Hand Cart
31:50 Scale Barding Armor
32:42 Thunderclap Bombs
buddy219755
11:02 Feudal Age
9:47 Loom
14:38 Castle Age
12:34 Double-Bit Axe
12:41 Horse Collar
13:28 Gold Mining
14:23 Stone Mining
16:44 Wheelbarrow
20:21 Hand Cart
22:16 Bow Saw
26:07 Gold Shaft Mining
29:20 Imperial Age
27:59 Scale Barding Armor
28:05 Forging
29:01 Stone Shaft Mining
29:24 Chain Barding Armor
29:19 Heavy Plow
28:59 Light Cavalry
29:49 Bloodlines
29:40 Husbandry
30:18 Iron Casting
29:27 Heavy Hei Guang Cavalry
29:50 Hussar
32:47 Conscription
Meroero
4:28 Loom
12:00 Feudal Age
17:53 Castle Age
16:36 Forging
16:26 Scale Mail Armor
16:56 Double-Bit Axe
17:03 Horse Collar
18:58 Wheelbarrow
19:21 Heavy Plow
19:39 Bow Saw
20:33 Squires
22:05 Town Watch
23:04 Pikeman
28:38 Hand Cart
29:02 Gold Mining
29:02 Stone Mining
30:24 Caravan
31:20 Town Patrol
34:55 Imperial Age
33:53 Iron Casting
33:33 Chain Mail Armor
33:06 Gambesons
33:07 Arson
BananaRepublic
11:50 Feudal Age
12:45 Horse Collar
12:54 Double-Bit Axe
18:31 Castle Age
16:45 Gold Mining
17:09 Stone Mining
20:19 Fervor
19:35 Pikeman
21:19 Loom
24:16 Wheelbarrow
25:24 Heavy Plow
25:36 Bow Saw
26:01 Redemption
29:46 Imperial Age
29:32 Bimaristan
31:20 Theocracy
31:30 Conscription
32:02 Elite Mameluke
33:35 Illumination
Nike man
9:38 Feudal Age
10:49 Double-Bit Axe
11:39 Horse Collar
17:31 Castle Age
15:59 Scale Mail Armor
16:20 Horse Collar
17:17 Gold Mining
18:02 Loom
19:42 Heavy Plow
22:08 Town Watch
22:11 Loom
22:50 Fervor
24:00 Forging
25:14 Bow Saw
25:35 Husbandry
26:23 Scale Barding Armor
27:29 Wheelbarrow
27:46 Bloodlines
28:31 Light Cavalry
Connection lost

Rejoining the realm…

Still unreachable

The connection could not be restored.

Session expired

The server has moved on; the page needs a fresh start.